| TOP OF THE 1ST |
|
Binghamton Mets batting - Pitching for Dayton Dragons : RHP Sean Jordan
|
|
Pitching: RHP Sean Jordan
|
|
|
Batting: RHB Michael Youngberry
|
0-0: Ball 1-0: Ball 2-0: SINGLE (Groundball, 6MD, EV 104.4 MPH)
|
|
Batting: RHB Oscar Bravo
|
0-0: Ball 1-0: Foul Ball, location: 2F 1-1: Ball 2-1: Called Strike 2-2: Ball 3-2: Foul Ball, location: 2F 3-2: Fly out, F8 (Flyball, 8RD, EV 98.8 MPH)
|
|
Batting: RHB Sam Callahan
|
0-0: Called Strike 0-1: Called Strike Michael Youngberry is caught stealing 2nd base 2-4 0-2: Strikes out swinging
|
| Top of the 1st over - 0 runs, 1 hit, 0 errors, 0 left on base; Binghamton 0 - Dayton 0 |
| BOTTOM OF THE 1ST |
|
Dayton Dragons batting - Pitching for Binghamton Mets : RHP Dan Mathews
|
|
Pitching: RHP Dan Mathews
|
|
|
Batting: LHB Jeremy Robertson
|
0-0: Called Strike 0-1: Ball 1-1: Foul Ball, location: 2F 1-2: SINGLE (Groundball, 4MD, EV 102.5 MPH)
|
|
Batting: LHB Chris Redhead
|
0-0: Ball 1-0: Ball 2-0: Foul Ball, location: 2F 2-1: Called Strike 2-2: Ball 3-2: Base on Balls Jeremy Robertson to second
|
|
Batting: RHB Logan Johnson
|
0-0: Foul Ball, location: 2F 0-1: Ball 1-1: Fielders Choice at 2nd, 5-4 (Groundball, 56S, EV 85.6 MPH) Jeremy Robertson to third
|
|
Batting: LHB Alex Fernandez
|
0-0: Ball 1-0: Ball 2-0: Ball 3-0: Called Strike 3-1: Fielders Choice at 2nd, 5-4 (Groundball, 5L, EV 85.6 MPH) Jeremy Robertson scores
|
|
Batting: RHB Alex Juarez
|
0-0: Foul Ball, location: 2F 0-1: Ball 1-1: Fly out, F9 (Flyball, 89D, EV 106.2 MPH)
|
| Bottom of the 1st over - 1 run, 1 hit, 0 errors, 1 left on base; Binghamton 0 - Dayton 1 |
| TOP OF THE 2ND |
|
Binghamton Mets batting - Pitching for Dayton Dragons : RHP Sean Jordan
|
|
Batting: SHB Keith Casner
|
0-0: Ball 1-0: Ball 2-0: Fly out, F9 (Flyball, 89M, EV 94.4 MPH)
|
|
Batting: LHB Jeremy Moorehead
|
0-0: Ball 1-0: Ball 2-0: Ball 3-0: Called Strike 3-1: Base on Balls
|
|
Batting: RHB Enrique Aguirre
|
0-0: Called Strike Jeremy Moorehead is caught stealing 2nd base 2-4 0-1: Swinging Strike 0-2: Ball 1-2: Ground out 5-3 (Groundball, 5, EV 95.0 MPH)
|
| Top of the 2nd over - 0 runs, 0 hits, 0 errors, 0 left on base; Binghamton 0 - Dayton 1 |
| BOTTOM OF THE 2ND |
|
Dayton Dragons batting - Pitching for Binghamton Mets : RHP Dan Mathews
|
|
Batting: RHB Ernie Maldonado
|
0-0: Foul Ball, location: 2F 0-1: Called Strike 0-2: Ball 1-2: Fly out, F3 (Line Drive, 3L, EV 75.6 MPH)
|
|
Batting: LHB Elias Posada
|
0-0: Called Strike 0-1: Ball 1-1: Ball 2-1: Called Strike 2-2: Ball 3-2: Base on Balls
|
|
Batting: RHB Gabriel Arias
|
0-0: Ball 1-0: Ball 2-0: Ball 3-0: Called Strike 3-1: Called Strike Elias Posada is caught stealing 2nd base 2-4 3-2: Ground out U3 (Groundball, 34, EV 88.1 MPH)
|
| Bottom of the 2nd over - 0 runs, 0 hits, 0 errors, 0 left on base; Binghamton 0 - Dayton 1 |
| TOP OF THE 3RD |
|
Binghamton Mets batting - Pitching for Dayton Dragons : RHP Sean Jordan
|
|
Batting: RHB Gang-sheng Chew
|
0-0: Called Strike 0-1: Ball 1-1: Ground out 6-3 (Groundball, 56, EV 79.4 MPH)
|
|
Batting: RHB Roberto Delgado
|
0-0: Ball 1-0: Fly out, F9 (Flyball, 89D, EV 94.4 MPH)
|
|
Batting: RHB Reginald McDougall
|
0-0: Ball 1-0: Foul Ball, location: 2F 1-1: Ball 2-1: Foul Ball, location: 2F 2-2: Foul Ball, location: 2F 2-2: Strikes out swinging
|
| Top of the 3rd over - 0 runs, 0 hits, 0 errors, 0 left on base; Binghamton 0 - Dayton 1 |
| BOTTOM OF THE 3RD |
|
Dayton Dragons batting - Pitching for Binghamton Mets : RHP Dan Mathews
|
|
Batting: RHB John Hopkins
|
0-0: SINGLE (Groundball, 56D, EV 103.1 MPH)
|
|
Batting: LHB Jeremy Robertson
|
0-0: Ball John Hopkins steals 2nd, throwing error, E2 John Hopkins to third 1-0: Ball 2-0: Ground out 5-3 (Groundball, 5, EV 100.0 MPH)
|
|
Batting: LHB Chris Redhead
|
0-0: Called Strike 0-1: Ball 1-1: Ball 2-1: Ball 3-1: Fly out, F8 (Line Drive, 8LD, EV 86.2 MPH) Runner from 3rd tags up, OUT at HOME! 8-2
|
| Bottom of the 3rd over - 0 runs, 1 hit, 1 error, 0 left on base; Binghamton 0 - Dayton 1 |
| TOP OF THE 4TH |
|
Binghamton Mets batting - Pitching for Dayton Dragons : RHP Sean Jordan
|
|
Batting: RHB Michael Youngberry
|
0-0: Called Strike 0-1: Called Strike 0-2: Ball 1-2: Foul Ball, location: 2F 1-2: Strikes out looking
|
|
Batting: RHB Oscar Bravo
|
0-0: Ball 1-0: Ball 2-0: Ground out 6-3 (Groundball, 6, EV 110.0 MPH)
|
|
Batting: RHB Sam Callahan
|
0-0: Ball 1-0: Ball 2-0: Foul Ball, location: 2F 2-1: Foul Ball, location: 2F 2-2: Ground out U3 (Groundball, 34, EV 90.6 MPH)
|
| Top of the 4th over - 0 runs, 0 hits, 0 errors, 0 left on base; Binghamton 0 - Dayton 1 |
| BOTTOM OF THE 4TH |
|
Dayton Dragons batting - Pitching for Binghamton Mets : RHP Dan Mathews
|
|
Batting: RHB Logan Johnson
|
0-0: Ball 1-0: Foul Ball, location: 2F 1-1: Called Strike 1-2: Fly out, F8 (Flyball, 8LD, EV 106.9 MPH)
|
|
Batting: LHB Alex Fernandez
|
0-0: Foul Ball, location: 2F 0-1: Foul Ball, location: 2F 0-2: Ball 1-2: Foul Ball, location: 2F 1-2: Ball 2-2: Ball 3-2: Foul Ball, location: 2F 3-2: Foul Ball, location: 2F 3-2: Foul Ball, location: 2F 3-2: Ground out 6-3 (Groundball, 6, EV 99.4 MPH)
|
|
Batting: RHB Alex Juarez
|
0-0: Called Strike 0-1: SINGLE (Flyball, 78S, EV 86.2 MPH)
|
|
Batting: RHB Ernie Maldonado
|
0-0: Ball 1-0: Called Strike 1-1: Called Strike 1-2: Ball Alex Juarez steals 2nd base 2-2: Ball 3-2: Fly out, F7 (Flyball, 78M, EV 86.2 MPH)
|
| Bottom of the 4th over - 0 runs, 1 hit, 0 errors, 1 left on base; Binghamton 0 - Dayton 1 |
| TOP OF THE 5TH |
|
Binghamton Mets batting - Pitching for Dayton Dragons : RHP Sean Jordan
|
|
Batting: SHB Keith Casner
|
0-0: Called Strike 0-1: Ball 1-1: Swinging Strike 1-2: Strikes out swinging
|
|
Batting: LHB Jeremy Moorehead
|
0-0: Ball 1-0: Swinging Strike 1-1: Called Strike 1-2: Ball 2-2: Ground out U3 (Groundball, 34S, EV 86.2 MPH)
|
|
Batting: RHB Enrique Aguirre
|
0-0: Called Strike 0-1: Ball 1-1: TRIPLE (Line Drive, 89XD, EV 109.4 MPH)
|
|
Batting: RHB Gang-sheng Chew
|
0-0: Foul Ball, location: 2F 0-1: Ball Wild Pitch! Enrique Aguirre scores 1-1: Ball 2-1: Ball 3-1: Foul Ball, location: 2F 3-2: Base on Balls
|
|
Batting: RHB Roberto Delgado
|
0-0: Fly out, F8 (Flyball, 89D, EV 83.1 MPH)
|
| Top of the 5th over - 1 run, 1 hit, 0 errors, 1 left on base; Binghamton 1 - Dayton 1 |
| BOTTOM OF THE 5TH |
|
Dayton Dragons batting - Pitching for Binghamton Mets : RHP Dan Mathews
|
|
Batting: LHB Elias Posada
|
0-0: Ball 1-0: Called Strike 1-1: SINGLE (Groundball, 6M, EV 83.8 MPH) (infield hit)
|
|
Batting: RHB Gabriel Arias
|
0-0: Ball 1-0: Called Strike 1-1: Ball 2-1: Foul Ball, location: 2F 2-2: Fly out, F8 (Flyball, 89M, EV 83.8 MPH)
|
|
Batting: RHB John Hopkins
|
0-0: Ball 1-0: Ball Wild Pitch! Elias Posada to second 2-0: Foul Ball, location: 2F 2-1: SINGLE (Line Drive, 9LS, EV 100.0 MPH) Elias Posada to third
|
|
Batting: LHB Jeremy Robertson
|
0-0: Called Strike 0-1: 3-RUN HOME RUN (Flyball, 9D, EV 94.4 MPH), Distance : 354 ft
|
|
Batting: LHB Chris Redhead
|
0-0: Ball 1-0: Fly out, F9 (Flyball, 9LS, EV 90.0 MPH)
|
|
Pitching: RHP Rome Corona
|
|
|
Batting: RHB Logan Johnson
|
0-0: Ball 1-0: Ball 2-0: Called Strike 2-1: Ball 3-1: Base on Balls
|
|
Batting: LHB Alex Fernandez
|
0-0: Ball 1-0: SINGLE (Line Drive, 8LS, EV 90.6 MPH) Logan Johnson to second
|
|
Batting: RHB Alex Juarez
|
0-0: Ball 1-0: Called Strike 1-1: DOUBLE (Line Drive, 8LD, EV 98.1 MPH) Logan Johnson scores Alex Fernandez to third Runner from 3rd tries for Home, throw by CF and OUT! 8-6-2
|
| Bottom of the 5th over - 4 runs, 5 hits, 0 errors, 1 left on base; Binghamton 1 - Dayton 5 |
| TOP OF THE 6TH |
|
Binghamton Mets batting - Pitching for Dayton Dragons : RHP Sean Jordan
|
|
Batting: RHB Reginald McDougall
|
0-0: Swinging Strike 0-1: Ground out 1-3 (Groundball, P, EV 73.1 MPH)
|
|
Batting: RHB Michael Youngberry
|
0-0: Ball 1-0: Ball 2-0: Called Strike 2-1: Called Strike 2-2: Ball 3-2: Base on Balls
|
|
Pitching: RHP In Bea
|
|
|
Batting: RHB Oscar Bravo
|
0-0: Called Strike 0-1: DOUBLE (Flyball, 78D, EV 89.4 MPH) Michael Youngberry to third
|
|
Batting: RHB Sam Callahan
|
0-0: Foul Ball, location: 2F 0-1: Ball 1-1: Ball 2-1: Ball 3-1: Called Strike 3-2: Fly out, F9 (Flyball, 9, EV 89.4 MPH) Runner from 3rd tags up, OUT at HOME! 9-2
|
| Top of the 6th over - 0 runs, 1 hit, 0 errors, 1 left on base; Binghamton 1 - Dayton 5 |
| BOTTOM OF THE 6TH |
|
Dayton Dragons batting - Pitching for Binghamton Mets : RHP Rome Corona
|
|
Batting: RHB Ernie Maldonado
|
0-0: Fly out, F9 (Flyball, 9D, EV 109.4 MPH)
|
|
Batting: LHB Elias Posada
|
0-0: Swinging Strike 0-1: Called Strike 0-2: Ball 1-2: Ball 2-2: Ball 3-2: Base on Balls
|
|
Batting: RHB Gabriel Arias
|
0-0: Swinging Strike 0-1: Ball 1-1: Ball 2-1: Fielders Choice at 2nd, 6-4 (Groundball, 6, EV 77.5 MPH)
|
|
Pitching: RHP Battista Aldobrandini
|
|
|
Batting: RHB John Hopkins
|
0-0: Foul Ball, location: 2F 0-1: Ground out U3 (Groundball, 3, EV 102.5 MPH)
|
| Bottom of the 6th over - 0 runs, 0 hits, 0 errors, 1 left on base; Binghamton 1 - Dayton 5 |
| TOP OF THE 7TH |
|
Binghamton Mets batting - Pitching for Dayton Dragons : RHP In Bea
|
|
Batting: SHB Keith Casner
|
0-0: Foul Ball, location: 2F 0-1: Ground out 4-3 (Groundball, 4S, EV 64.4 MPH)
|
|
Batting: LHB Jeremy Moorehead
|
0-0: Ball 1-0: Ball 2-0: Ball 3-0: Base on Balls
|
|
Batting: RHB Enrique Aguirre
|
0-0: Ball 1-0: Called Strike 1-1: Called Strike Jeremy Moorehead is caught stealing 2nd base 2-4 1-2: Ball 2-2: Foul Ball, location: 2F 2-2: Ball 3-2: SINGLE (Line Drive, 7S, EV 106.9 MPH)
|
|
Batting: RHB Gang-sheng Chew
|
0-0: Ball 1-0: Swinging Strike 1-1: Called Strike 1-2: Ball 2-2: Ball 3-2: Fly out, F8 (Flyball, 89M, EV 90.6 MPH)
|
| Top of the 7th over - 0 runs, 1 hit, 0 errors, 1 left on base; Binghamton 1 - Dayton 5 |
| BOTTOM OF THE 7TH |
|
Dayton Dragons batting - Pitching for Binghamton Mets : RHP Battista Aldobrandini
|
|
Batting: LHB Jeremy Robertson
|
0-0: Foul Ball, location: 2F 0-1: Ball 1-1: Ball 2-1: Foul Ball, location: 2F 2-2: Ball 3-2: SINGLE (Groundball, 6MS, EV 72.5 MPH) (infield hit)
|
|
Batting: LHB Chris Redhead
|
0-0: Ball 1-0: Ball 2-0: Called Strike 2-1: Foul Ball, location: 2F 2-2: Strikes out looking
|
|
Batting: RHB Logan Johnson
|
0-0: Foul Ball, location: 2F 0-1: SINGLE (Groundball, 34D, EV 110.6 MPH) Jeremy Robertson to second Runner from 2nd tries for 3rd, SAFE, throw by RF made to third
|
|
Batting: LHB Alex Fernandez
|
0-0: Ball Logan Johnson steals 2nd base 1-0: Called Strike 1-1: Swinging Strike 1-2: Ball 2-2: Ball 3-2: Base on Balls
|
|
Batting: RHB Alex Juarez
|
0-0: Ball 1-0: Called Strike 1-1: Ball 2-1: Ball 3-1: DOUBLE (Line Drive, 5D, EV 108.8 MPH) Jeremy Robertson scores Logan Johnson scores Alex Fernandez to third Runner from 3rd tries for Home, throw by LF and OUT! 7-6-2 Alex Juarez to third
|
|
Batting: RHB Ernie Maldonado
|
0-0: Ball 1-0: Ball 2-0: Fly out, F9 (Flyball, 89XD, EV 103.8 MPH)
|
| Bottom of the 7th over - 2 runs, 3 hits, 0 errors, 1 left on base; Binghamton 1 - Dayton 7 |
| TOP OF THE 8TH |
|
Binghamton Mets batting - Pitching for Dayton Dragons : RHP In Bea
|
|
Batting: RHB Roberto Delgado
|
0-0: DOUBLE (Flyball, 8RXD, EV 106.9 MPH)
|
|
Pinch Hitting: SHB Nick Daigle
|
0-0: Ball 1-0: Called Strike 1-1: Ground out 1-3 (Groundball, P, EV 65.6 MPH) Roberto Delgado to third
|
|
Batting: RHB Michael Youngberry
|
0-0: Ball 1-0: Ball 2-0: Ball Wild Pitch! Roberto Delgado scores 3-0: Base on Balls
|
|
Batting: RHB Oscar Bravo
|
0-0: Called Strike 0-1: Called Strike 0-2: Strikes out swinging
|
|
Batting: RHB Sam Callahan
|
0-0: Ball 1-0: Ball 2-0: Ball 3-0: Base on Balls Michael Youngberry to second
|
|
Pitching: LHP Juan Villegas
|
|
|
Batting: SHB Keith Casner
|
0-0: Called Strike 0-1: Swinging Strike 0-2: Ball 1-2: Strikes out looking
|
| Top of the 8th over - 1 run, 1 hit, 0 errors, 2 left on base; Binghamton 2 - Dayton 7 |
| BOTTOM OF THE 8TH |
|
Dayton Dragons batting - Pitching for Binghamton Mets : RHP Battista Aldobrandini
|
|
Pitching: RHP Brett Cooke
|
|
|
Now at 2B: Nick Daigle
|
|
|
Now in LF: Gang-sheng Chew
|
|
|
Batting: LHB Elias Posada
|
0-0: Ball 1-0: Swinging Strike 1-1: Ball 2-1: Foul Ball, location: 2F 2-2: Ball 3-2: Fly out, F8 (Flyball, 8RM, EV 86.9 MPH)
|
|
Batting: RHB Gabriel Arias
|
0-0: SINGLE (Groundball, 6D, EV 98.1 MPH)
|
|
Batting: RHB John Hopkins
|
0-0: Called Strike 0-1: Ball 1-1: Ball 2-1: Ball 3-1: 2-RUN HOME RUN (Flyball, 7D, EV 98.1 MPH), Distance : 371 ft
|
|
Pinch Hitting: RHB Steve Moore
|
0-0: Swinging Strike 0-1: Called Strike 0-2: Ball 1-2: Strikes out swinging
|
|
Pinch Hitting: LHB Phil Lerner
|
0-0: Foul Ball, location: 2F 0-1: Foul Ball, location: 2F 0-2: Ball 1-2: Foul Ball, location: 2F 1-2: Fly out, F5 (Line Drive, 5, EV 73.1 MPH)
|
| Bottom of the 8th over - 2 runs, 2 hits, 0 errors, 0 left on base; Binghamton 2 - Dayton 9 |
| TOP OF THE 9TH |
|
Binghamton Mets batting - Pitching for Dayton Dragons : LHP Juan Villegas
|
|
Now at 2B: Steve Moore
|
|
|
Now in LF: Phil Lerner
|
|
|
Batting: LHB Jeremy Moorehead
|
0-0: Called Strike 0-1: Foul Ball, location: 2F 0-2: Ball 1-2: Ball 2-2: Foul Ball, location: 2F 2-2: Fly out, F7 (Flyball, 78S, EV 88.8 MPH)
|
|
Batting: RHB Enrique Aguirre
|
0-0: SINGLE (Groundball, 4MD, EV 100.0 MPH)
|
|
Batting: RHB Gang-sheng Chew
|
0-0: Swinging Strike 0-1: Ball 1-1: Swinging Strike 1-2: Foul Ball, location: 2F 1-2: Strikes out swinging
|
|
Batting: RHB Roberto Delgado
|
0-0: Called Strike 0-1: Foul Ball, location: 2F 0-2: Strikes out swinging
|
| Top of the 9th over - 0 runs, 1 hit, 0 errors, 1 left on base; Binghamton 2 - Dayton 9 |
|